 Dungeon Crawl Stone Soup version 0.23-a0-389-g4a5eb33 (webtiles) character file.

96809 mortelune the Thaumaturge (level 16, -1/123 HPs)
             Began as a Gnoll Wizard on Oct 29, 2018.
             Was an Elder of Ashenzari.
             Slain by a wolf spider (9 damage)
             ... on level 1 of the Spider Nest.
             The game lasted 03:07:55 (58483 turns).

mortelune the Thaumaturge (Gnoll Wizard)           Turns: 58483, Time: 03:07:56

Health: -1/123     AC: 10    Str: 13      XL:     16   Next: 17%
Magic:  9/32       EV: 18    Int: 27 (28) God:    Ashenzari [****..]
Gold:   719        SH:  8    Dex: 11 (13) Spells: 2/39 levels left

rFire    x . .     SeeInvis +   q - +1 flail "Rucery" {pain, rElec rPois Str+3 Stlth-} (curse)
rCold    + . .     Gourm    .   h - +2 buckler
rNeg     . . .     Faith    .   C - +0 robe {MR+} (curse)
rPois    +         Spirit   .   O - +2 hat {SInv} (curse)
rElec    +         Reflect  .   c - +1 cloak
rCorr    .         Harm     .   N - +2 pair of gloves
MR       ++...     Clarity  +   (no boots)
Stlth    ++++......             P - amulet of the acrobat (curse)
HPRegen  0.30/turn              r - ring of wizardry (curse)
MPRegen  0.23/turn              z - ring of ice (curse)

@: no status effects
A: distributed training, fangs 1, strong nose
a: Curse Item, Scrying, Renounce Religion


You were on level 1 of the Spider Nest.
You worshipped Ashenzari.
Ashenzari was greatly pleased with you.
You were hungry.

You visited 5 branches of the dungeon, and saw 25 of its levels.
You also visited: Sewer and Ice Cave.

You collected 2993 gold pieces.
You spent 2274 gold pieces at shops.

Inventory:

Hand Weapons
 q - the cursed +1 flail "Rucery" (weapon) {pain, rElec rPois Str+3 Stlth-}
   (You found it on level 5 of the Lair of Beasts)

   In the hands of one skilled in necromantic magic, it inflicts extra damage on
   living creatures.
   It affects your strength (+3).
   It insulates you from electricity.
   It protects you from poison.
   It makes you less stealthy.
   It has a curse placed upon it.
 A - the cursed +1 hunting sling "Inkefum" {flame, +Blink +Fly rElec Dex+5}
   (You found it on level 4 of the Dungeon)

   It causes projectiles fired from it to burn those they strike, causing extra
   injury to most foes and up to half again as much damage against particularly
   susceptible opponents.
   It affects your dexterity (+5).
   It insulates you from electricity.
   It lets you fly.
   It lets you blink.
   It has a curse placed upon it.
 Z - the +3 broad axe "Hikoav" {venom, Stlth+}
   (You bought it in a shop on level 2 of the Orcish Mines)

   It poisons the flesh of those it strikes.
   It makes you more stealthy.
Missiles
 v - 5 throwing nets (quivered)
Armour
 a - the cursed +2 cloak of Huem {+Blink rCorr Dex+4 Slay-5}
   (You acquired it on level 13 of the Dungeon)

   It affects your dexterity (+4).
   It affects your accuracy and damage with ranged weapons and melee attacks
   (-5).
   It lets you blink.
   It provides partial protection from all sources of acid and corrosion.
   It has a curse placed upon it.
 c - a +1 cloak (worn)
 h - a +2 buckler (worn)
 C - a cursed +0 robe of magic resistance (worn)
 L - a +2 robe of resistance
 N - a +2 pair of gloves (worn)
 O - a cursed +2 hat of see invisible (worn)
Jewellery
 r - a cursed ring of wizardry (left hand)
 z - a cursed ring of ice (right hand)
 J - an uncursed ring of protection from fire
 P - a cursed amulet of the acrobat (around neck)
Wands
 u - a wand of paralysis (34)
 y - a wand of polymorph (24)
 D - a wand of acid (21)
 H - a wand of enslavement (5)
 Q - a wand of iceblast (10)
 W - a wand of flame (17)
 Y - a wand of random effects (25)
Scrolls
 e - 4 scrolls of remove curse
 i - a scroll of brand weapon
 n - 2 scrolls of magic mapping
 p - a scroll of enchant armour
 w - 8 scrolls of identify
 x - a scroll of fog
 B - 3 scrolls of fear
 F - 5 scrolls of enchant weapon
 G - 3 scrolls of immolation
 I - a scroll of holy word
 K - a scroll of silence
 M - a scroll of amnesia
 U - a scroll of teleportation
Potions
 b - 2 potions of berserk rage
 f - 2 potions of might
 g - a potion of curing
 j - 3 potions of haste
 k - 4 potions of flight
 l - 4 potions of agility
 o - 9 potions of brilliance
 s - 10 potions of mutation
 t - 2 potions of lignification
 E - a potion of invisibility
 R - a potion of resistance {unknown}
 S - 4 potions of ambrosia
 V - a potion of cancellation
Miscellaneous
 m - a box of beasts
Comestibles
 d - 9 rations


   Skills:
 + Level 10.4 Fighting
 + Level 10.4 Short Blades
 + Level 10.4 Long Blades
 + Level 10.4 Axes
 + Level 10.4(13.6) Maces & Flails
 + Level 10.4 Polearms
 + Level 10.4 Staves
 + Level 10.4 Slings
 + Level 10.4 Bows
 + Level 10.4 Crossbows
 + Level 10.4 Throwing
 + Level 10.4 Armour
 + Level 11.3 Dodging
 + Level 11.2 Stealth
 + Level 10.4 Shields
 + Level 10.4 Unarmed Combat
 + Level 12.3 Spellcasting
 + Level 9.1(12.4) Conjurations
 + Level 8.8(12.2) Hexes
 + Level 8.8(12.2) Charms
 + Level 9.1(12.4) Summonings
 + Level 8.8(12.2) Necromancy
 + Level 9.1(12.4) Translocations
 + Level 8.8(12.2) Transmutations
 + Level 8.8(12.2) Fire Magic
 + Level 8.8(12.2) Ice Magic
 + Level 8.8(12.2) Air Magic
 + Level 8.8(12.2) Earth Magic
 + Level 8.8(12.2) Poison Magic
 + Level 11.3 Invocations
 + Level 10.4(13.6) Evocations


You had 2 spell levels left.
You knew the following spells:

 Your Spells              Type           Power        Failure   Level  Hunger
a - Magic Dart            Conj           ####         0%          1    None
b - Blink                 Tloc           N/A          1%          2    None
c - Bolt of Cold          Conj/Ice       #######...   1%          6    #####..
d - Conjure Flame         Conj/Fire      ######..     1%          3    None
e - Simulacrum            Ice/Necr       #######...   1%          6    #####..
f - Summon Ice Beast      Ice/Summ       #######.     1%          4    None
q - Throw Icicle          Conj/Ice       #######.     1%          4    None
s - Freeze                Ice            ####         0%          1    None
x - Summon Lightning Spi  Summ/Air       ######..     1%          4    None
z - Freezing Cloud        Conj/Ice/Air   #######...   1%          6    #####..

Your spell library contained the following spells:

 Spells                   Type           Power        Failure   Level  Hunger
 Corona                   Hex            ######.      0%          1    None
 Shock                    Conj/Air       ####         0%          1    None
 Summon Small Mammal      Summ           ####         0%          1    None
 Call Imp                 Summ           ######..     1%          2    None
 Corpse Rot               Necr           N/A          1%          2    None
 Ensorcelled Hibernation  Hex/Ice        ######       1%          2    None
 Slow                     Hex            ######..     1%          2    None
 Throw Frost              Conj/Ice       ######       1%          2    None
 Call Canine Familiar     Summ           ######..     1%          3    None
 Confuse                  Hex            ######..     1%          3    None
 Dazzling Spray           Conj/Hex       ######       1%          3    None
 Mephitic Cloud           Conj/Pois/Air  ######..     1%          3    None
 Ozocubu's Armour         Chrm/Ice       #######.     1%          3    None
 Stone Arrow              Conj/Erth      ######       1%          3    None
 Summon Guardian Golem    Hex/Summ       ######..     1%          3    None
 Tukima's Dance           Hex            ######..     1%          3    None
 Ice Form                 Ice/Tmut       #######.     1%          4    None
 Leda's Liquefaction      Hex/Erth       ######....   1%          4    None
 Fireball                 Conj/Fire      ######....   1%          5    ###....
 Irradiate                Conj/Tmut      ######....   1%          5    ###....
 Iskenderun's Battlesphe  Conj/Chrm      ######..     1%          5    ###....
 Lee's Rapid Deconstruct  Erth           ######....   1%          5    ###....
 Metabolic Englaciation   Hex/Ice        #######...   1%          5    ###....
 Summon Forest            Summ/Tloc      ######....   1%          5    ###....
 Hydra Form               Tmut           ######....   1%          6    #####..
 Ozocubu's Refrigeration  Ice            #######...   1%          6    #####..
 Statue Form              Tmut/Erth      ######...    1%          6    #####..
 Summon Hydra             Summ           ######....   7%          7    ######.
 Dragon Form              Tmut           ######....   8%          7    ######.


Dungeon Overview and Level Annotations

Branches:
Dungeon (15/15)            Temple (1/1) D:5            Lair (6/6) D:10
 Shoals (0/4) Lair:2       Spider (1/4) Lair:4        Slime (0/5) Lair:6
    Orc (2/2) D:12            Elf (0/3) Orc:2        Vaults (0/5) D:13
 Depths (0/5) D:15

Altars:
Ashenzari
Cheibriados
Dithmenos
Elyvilon
Fedhas
Gozag
Hepliaklqana
Nemelex Xobeh
Okawaru
Ru
Sif Muna
Trog
Vehumet
Wu Jian
Xom
Yredelemnul
Zin
The Shining One
Beogh
Jiyva

Shops:
D:11 (   Orc:2 (:[[

Annotations:
D:13 1 runed door
D:14 MTVSty1e's ghost, journeyman MiFi
Lair:3 3 runed doors, eyesofgods1's ghost, journeyman HOFi


Innate Abilities, Weirdness & Mutations

Your experience applies equally to all skills.
You have very sharp teeth.
Your uncanny sense of smell can sniff out nearby items.


Message History

* * * LOW HITPOINT WARNING * * *
The redback bites you but does no damage.
Your ice beast barely misses the redback.
You block the redback's attack. The redback barely misses you.
As you read the scroll of fear, it crumbles to dust.
You assume a fearsome visage.
Your lightning spire is unaffected.
The torpor snail looks frightened!
The redback looks frightened! x3
The redback barely misses your ice beast.
The redback bites your ice beast!
Your ice beast hits the redback.
The redback dies!
A tarantella comes into view.
A wolf spider comes into view.
Your ice beast is no longer moving slowly.
You feel yourself speed up.
There is a crawl-hole back to the Lair, spattered with blood here.
The tarantella bites you but does no damage.
The wolf spider hits you!
* * * LOW HITPOINT WARNING * * *
The wolf spider bites you!
You die...

......#(#..#...#.....#.
.............#........
##.............#....#.
#......#....#..#.#....
#.#.........#...w...s.
#####^..).......#....#w...
#......#...#..............
#.(........#....#...... *
#........@s.........#..,,*
##.##...s=.........#, ,
##.......#.....s..# ≈≈
#..##.#Y.#......≈ ≈
##.........##..≈≈ **
##..........8..#≈≈** ≈≈
#...............≈≈ ,≈
#.......#.#.....≈≈ ≈
###^.........†..≈≈ * **


You could see a wolf spider, a tarantella and a friendly ice beast.

Vanquished Creatures
  A ghost moth (Lair:4)
  An entropy weaver (Lair:4)
  A caustic shrike skeleton (D:15)
  3 catoblepae
  A hydra (D:15)
  An anaconda (Lair:6)
  A two-headed ogre (D:15)
  5 centaur warriors
  2 tengu warriors
  A queen ant (Lair:2)
  A vampire mage (D:15)
  3 orc high priests (Orc:2)
  A skeletal warrior (D:15)
  2 unseen horrors (D:15)
  An unseen horror (shapeshifter) (D:13)
  An obsidian statue (D:13)
  A necromancer (D:15)
  4 orb spiders
  3 orc knights (Orc:2)
  2 wolf spider zombies (D:15)
  3 wolf spiders
  A deep elf mage (D:10)
  5 orc sorcerers
  A tengu skeleton (D:15)
  A stone giant zombie (D:15)
  5 cyclopes
  A manticore (D:12)
  5 elephants (Lair:6)
  5 black mambas
  An eye of devastation (shapeshifter) (D:13)
  A merfolk siren (Lair:2)
  13 spiny frogs
  A water nymph (shapeshifter) (D:13)
  8 komodo dragons
  2 kobold demonologists
  A rime drake (Lair:4)
  7 trolls
  A tengu conjurer (D:14)
  A merfolk (Lair:2)
  6 jumping spiders
  10 polar bears (IceCv)
  5 tyrant leeches (Spider:1)
  2 hornets
  Prince Ribbit (D:9)
  4 blink frogs
  9 hippogriffs
  A spriggan (shapeshifter) (D:13)
  A shadow (D:13)
  11 redbacks
  2 tarantellas (Lair:4)
  A spriggan (D:6)
  A water elemental (D:15)
  39 yaks
  5 wyverns
  4 basilisks
  2 vampire mosquitoes (D:14)
  3 swamp worms
  5 wargs
  15 water moccasins
  11 soldier ants
  8 porcupines
  26 orc warriors
  3 black bears
  7 ice beasts
  3 phantoms
  A sky beast (D:9)
  3 eyes of draining
  A necrophage (D:12)
  11 ogres
  4 boggarts (Lair:4)
  22 centaurs
  23 wolves
  12 crocodiles
  22 bullfrogs
  12 big kobolds
  7 gnoll sergeants
  A wyvern zombie (D:8)
  3 scorpions
  12 wights
  5 howler monkeys
  2 jellies
  5 electric eels
  5 crimson imps
  10 hounds
  2 quasits
  27 orc wizards
  22 orc priests
  5 centaur zombies
  3 bullfrog skeletons
  7 centaur skeletons
  6 iguanas
  33 worker ants
  A centaur simulacrum (D:6)
  A hound zombie (D:7)
  A hound skeleton (D:4)
  A howler monkey zombie (D:5)
  A worker ant zombie (D:11)
  7 gnolls
  4 howler monkey skeletons
  10 adders
  A river rat (D:5)
  3 shadow imps
  7 white imps (Lair:1)
  An ooze (D:1)
  3 adder skeletons
  An adder zombie (D:5)
  4 dart slugs
  3 worms
  14 leopard geckos
  69 orcs
  9 bats
  4 giant cockroaches
  6 goblins
  5 hobgoblins
  6 jackals
  9 quokkas
  11 ball pythons
  8 frilled lizards
  27 kobolds
  A quokka zombie (D:8)
  9 rats
  A fungus (Lair:6)
  5 plants (Lair:6)
  2 withered plants (D:15)
785 creatures vanquished.

Vanquished Creatures (collateral kills)
  A frost giant (IceCv)
  An emperor scorpion (Lair:4)
  The ghost of nht the Grappler, a journeyman TrFi of Okawaru (D:10)
  A hydra (Lair:6)
  The ghost of Thaneod the Cleaver, a journeyman VSFi of Trog (Orc:2)
  A catoblepas (Lair:6)
  A centaur warrior (D:15)
  A two-headed ogre (D:11)
  A death yak (IceCv)
  A titan zombie (D:15)
  Sonja (Orc:1)
  A skeletal warrior (D:15)
  An unseen horror (D:11)
  The ghost of TheNamelessOne the Chopper, a novice DDFi (D:6)
  Pikel (D:7)
  An orb spider (Spider:1)
  An orc knight (Orc:2)
  An oklob plant (Lair:1)
  5 wolf spiders
  2 ugly things
  A manticore (D:11)
  A cyclops (D:11)
  2 elephants (Lair:6)
  2 black mambas
  Maurice (D:13)
  A spiny frog (Lair:1)
  A komodo dragon (Lair:1)
  An efreet (D:15)
  3 jumping spiders
  A tyrant leech (Spider:1)
  A meliai (D:11)
  4 polar bears (IceCv)
  2 hippogriffs
  A hornet (D:11)
  2 blink frogs (Lair:3)
  3 redbacks (Spider:1)
  A tarantella (Spider:1)
  2 wyverns
  18 yaks
  A basilisk (Lair:4)
  A hungry ghost (D:10)
  4 vampire mosquitoes (D:14)
  6 soldier ants (Lair:2)
  A water moccasin (Lair:3)
  An ice beast (D:5)
  5 orc warriors
  A sky beast (D:6)
  A slave (D:6)
  2 ogres
  2 phantoms (D:6)
  5 wolves
  2 crocodiles
  3 bullfrogs
  A scorpion (D:7)
  4 wights
  2 howler monkeys
  A crimson imp (D:5)
  A bullfrog skeleton (D:10)
  4 orc priests
  3 orc wizards
  7 worker ants (Lair:2)
  An adder (D:4)
  3 gnolls
  5 white imps (Lair:1)
  10 orcs
  A jackal (D:10)
  2 kobolds (Sewer)
  A fungus (Lair:1)
  A withered plant (D:15)
155 creatures vanquished.

Vanquished Creatures (others)
  3 polar bears (IceCv)
  A yak (IceCv)
  3 wolves (IceCv)
  2 gnolls (D:7)
  6 fungi
  13 plants
  A withered plant (D:15)
29 creatures vanquished.

Grand Total: 969 creatures vanquished

Notes
Turn   | Place    | Note
-------+----------+-------------------------------------------
     0 | D:1      | mortelune the Gnoll Wizard began the quest for the Orb.
     0 | D:1      | Reached XP level 1. HP: 13/13 MP: 8/8
   278 | D:1      | Reached XP level 2. HP: 19/19 MP: 8/10
   282 | D:1      | Learned a level 2 spell: Blink
   298 | D:1      | Learned a level 2 spell: Call Imp
   792 | D:1      | Reached XP level 3. HP: 25/25 MP: 8/11
   797 | D:1      | Learned a level 3 spell: Conjure Flame
   801 | D:1      | Learned a level 3 spell: Mephitic Cloud
  1003 | D:1      | Reached skill level 1 in Invocations
  1499 | D:2      | Reached skill level 1 in Fighting
  1499 | D:2      | Reached skill level 1 in Short Blades
  1499 | D:2      | Reached skill level 1 in Long Blades
  1499 | D:2      | Reached skill level 1 in Axes
  1499 | D:2      | Reached skill level 1 in Maces & Flails
  1499 | D:2      | Reached skill level 1 in Polearms
  1499 | D:2      | Reached skill level 1 in Staves
  1499 | D:2      | Reached skill level 1 in Slings
  1499 | D:2      | Reached skill level 1 in Bows
  1499 | D:2      | Reached skill level 1 in Crossbows
  1499 | D:2      | Reached skill level 1 in Throwing
  1499 | D:2      | Reached skill level 1 in Armour
  1499 | D:2      | Reached skill level 1 in Shields
  1499 | D:2      | Reached skill level 1 in Unarmed Combat
  1499 | D:2      | Reached skill level 1 in Evocations
  1499 | D:2      | Reached XP level 4. HP: 32/32 MP: 0/13
  1768 | D:2      | Reached skill level 1 in Hexes
  1768 | D:2      | Reached skill level 1 in Charms
  1768 | D:2      | Reached skill level 1 in Necromancy
  1768 | D:2      | Reached skill level 1 in Transmutations
  1768 | D:2      | Reached skill level 1 in Fire Magic
  1768 | D:2      | Reached skill level 1 in Ice Magic
  1768 | D:2      | Reached skill level 1 in Air Magic
  1768 | D:2      | Reached skill level 1 in Earth Magic
  1768 | D:2      | Reached skill level 1 in Poison Magic
  2278 | D:3      | Found an opulent altar of Gozag.
  2589 | D:3      | Reached XP level 5. HP: 37/37 MP: 5/14
  2805 | D:3      | Found a sparkling altar of Nemelex Xobeh.
  3610 | D:4      | Reached XP level 6. HP: 44/44 MP: 6/16
  4334 | D:5      | Entered Level 5 of the Dungeon
  4346 | D:5      | Reached skill level 5 in Dodging
  4364 | D:5      | Found a sacrificial altar of Ru.
  4724 | D:5      | Found a glowing drain.
  4750 | Sewer    | Entered a sewer
  4873 | Sewer    | Reached XP level 7. HP: 48/50 MP: 12/18
  5607 | D:5      | Found a deep blue altar of Sif Muna.
  5678 | D:5      | Found a staircase to the Ecumenical Temple.
  5690 | Temple   | Entered the Ecumenical Temple
  5702 | Temple   | Became a worshipper of Ashenzari the Shackled
  6185 | D:4      | Reached skill level 5 in Stealth
  6363 | D:4      | Found a shimmering altar of Xom.
  6490 | D:4      | Reached XP level 8. HP: 57/57 MP: 5/19
  6766 | D:4      | Learned a level 4 spell: Summon Ice Beast
  6771 | D:4      | Learned a level 4 spell: Throw Icicle
  7228 | D:4      | Got the cursed hunting sling "Inkefum" {flame, +Blink +Fly
                  | rElec Dex+5}
  8066 | D:5      | Found a basalt altar of Yredelemnul.
  8066 | D:5      | Found an ornate altar of the Wu Jian Council.
  8067 | D:5      | Found a radiant altar of Vehumet.
  8112 | D:5      | Found a glowing silver altar of Zin.
  8290 | D:6      | Reached skill level 8 in Spellcasting
  8550 | D:6      | Found a hazy altar of Hepliaklqana.
  8621 | D:6      | Found a transporter.
  8621 | D:6      | Noticed TheNamelessOne's ghost (novice DDFi)
  8634 | D:6      | Found a transporter.
  9055 | D:6      | Reached * piety under Ashenzari
  9076 | D:6      | Reached XP level 9. HP: 65/65 MP: 15/21
 10240 | D:7      | Noticed Pikel
 10992 | D:7      | Killed Pikel
 11104 | D:7      | Found a blossoming altar of Fedhas.
 11738 | D:8      | Reached skill level 5 in Invocations
 11741 | D:8      | Learned a level 1 spell: Freeze
 12459 | D:8      | Reached XP level 10. HP: 73/73 MP: 15/22
 13747 | D:9      | Found a bloodstained altar of Trog.
 14114 | D:9      | Noticed Prince Ribbit
 14126 | D:9      | Killed Prince Ribbit
 14126 | D:9      | Reached skill level 5 in Fighting
 14126 | D:9      | Reached skill level 5 in Short Blades
 14126 | D:9      | Reached skill level 5 in Long Blades
 14126 | D:9      | Reached skill level 5 in Axes
 14126 | D:9      | Reached skill level 5 in Maces & Flails
 14126 | D:9      | Reached skill level 5 in Polearms
 14126 | D:9      | Reached skill level 5 in Staves
 14126 | D:9      | Reached skill level 5 in Slings
 14126 | D:9      | Reached skill level 5 in Bows
 14126 | D:9      | Reached skill level 5 in Crossbows
 14126 | D:9      | Reached skill level 5 in Throwing
 14126 | D:9      | Reached skill level 5 in Armour
 14126 | D:9      | Reached skill level 5 in Shields
 14126 | D:9      | Reached skill level 5 in Unarmed Combat
 14126 | D:9      | Reached skill level 5 in Evocations
 15129 | D:9      | Found a snail-covered altar of Cheibriados.
 15357 | D:10     | Entered Level 10 of the Dungeon
 15475 | D:10     | Found a runed door.
 15477 | D:10     | Noticed nht's ghost (journeyman TrFi)
 15890 | D:10     | Reached skill level 9 in Spellcasting
 16268 | D:10     | Reached skill level 5 in Conjurations
 16268 | D:10     | Reached skill level 5 in Summonings
 16268 | D:10     | Reached skill level 5 in Translocations
 16475 | D:10     | Found a staircase to the Lair.
 16495 | D:10     | Found an ornate altar of the Wu Jian Council.
 16695 | D:10     | Found an opulent altar of Gozag.
 16845 | D:10     | Noticed a deep elf mage
 16855 | D:10     | Killed a deep elf mage
 17309 | D:10     | Killed nht's ghost
 17486 | D:11     | Reached XP level 11. HP: 70/81 MP: 6/24
 17490 | D:11     | Paralysed by a hornet for 3 turns
 17707 | D:11     | Killed an unseen horror
 18381 | D:11     | Found Lit Ong's Weapon Emporium.
 18395 | D:11     | Noticed a two-headed ogre
 18528 | D:11     | Killed a two-headed ogre
 18528 | D:11     | Reached skill level 5 in Hexes
 18528 | D:11     | Reached skill level 5 in Charms
 18528 | D:11     | Reached skill level 5 in Necromancy
 18528 | D:11     | Reached skill level 5 in Transmutations
 18528 | D:11     | Reached skill level 5 in Fire Magic
 18528 | D:11     | Reached skill level 5 in Ice Magic
 18528 | D:11     | Reached skill level 5 in Air Magic
 18528 | D:11     | Reached skill level 5 in Earth Magic
 18528 | D:11     | Reached skill level 5 in Poison Magic
 18618 | D:11     | Noticed a cyclops
 19117 | D:11     | Noticed a manticore
 19135 | D:11     | Killed a manticore
 19533 | D:11     | Killed a cyclops
 20578 | Lair:1   | Entered Level 1 of the Lair of Beasts
 20651 | Lair:1   | Found a frozen archway.
 20781 | IceCv    | Entered an ice cave
 21151 | IceCv    | Reached ** piety under Ashenzari
 21828 | IceCv    | Noticed a death yak
 21843 | IceCv    | Killed a death yak
 22003 | IceCv    | Reached XP level 12. HP: 70/89 MP: 12/25
 22414 | IceCv    | Noticed a frost giant
 22447 | IceCv    | Reached skill level 10 in Spellcasting
 22660 | IceCv    | Identified a scroll of acquirement
 23622 | IceCv    | HP: 1/91 [frost giant/+0 battleaxe of freezing (5)]
 23624 | IceCv    | Killed a frost giant
 27025 | Lair:2   | Found a staircase to the Shoals.
 27634 | Lair:2   | Reached XP level 13. HP: 98/98 MP: 19/27
 29247 | Lair:2   | Learned a level 6 spell: Freezing Cloud
 30154 | Lair:3   | Found a runed gate.
 30154 | Lair:3   | Found a runed gate.
 30154 | Lair:3   | Found a runed gate.
 30232 | Lair:3   | Reached *** piety under Ashenzari
 30242 | Lair:3   | Noticed eyesofgods1's ghost (journeyman HOFi)
 31126 | Lair:4   | Found a shimmering altar of Xom.
 31157 | Lair:4   | Found a hole to the Spider Nest.
 33195 | Lair:5   | Got the cursed flail "Rucery" {pain, rElec rPois Str+3
                  | Stlth-}
 33196 | Lair:5   | Identified the cursed +1 flail "Rucery" {pain, rElec rPois
                  | Str+3 Stlth-} (You found it on level 5 of the Lair of
                  | Beasts)
 33196 | Lair:5   | Identified the cursed +1 hunting sling "Inkefum" {flame,
                  | +Blink +Fly rElec Dex+5} (You found it on level 4 of the
                  | Dungeon)
 33437 | Lair:5   | Learned a level 6 spell: Bolt of Cold
 34463 | Lair:6   | Entered Level 6 of the Lair of Beasts
 34463 | Lair:6   | Found a staircase to the Slime Pits.
 34463 | Lair:6   | Found a viscous altar of Jiyva.
 34480 | Lair:6   | Reached skill level 11 in Spellcasting
 35493 | Lair:6   | Reached XP level 14. HP: 106/106 MP: 8/29
 36337 | Lair:6   | Reached skill level 10 in Dodging
 36739 | Lair:6   | Noticed a dire elephant
 36739 | Lair:6   | Noticed a dire elephant
 36747 | Lair:6   | Noticed a dire elephant
 36753 | Lair:6   | Noticed a dire elephant
 36753 | Lair:6   | Noticed a dire elephant
 37590 | D:12     | Reached **** piety under Ashenzari
 38913 | D:12     | Reached skill level 10 in Stealth
 39360 | D:12     | Found a staircase to the Orcish Mines.
 39704 | D:12     | Found a glowing golden altar of the Shining One.
 40680 | D:12     | Learned a level 6 spell: Simulacrum
 40706 | D:13     | Noticed Maurice
 40714 | D:13     | Killed Maurice
 40714 | D:13     | Reached skill level 10 in Invocations
 41071 | D:13     | Found a runed door.
 41542 | D:13     | Found a runed door.
 41548 | D:13     | Found a runed door.
 41558 | D:13     | Found a runed door.
 41933 | D:13     | Found a gate to the Vaults.
 42335 | D:13     | Identified the cursed +8 crystal plate armour of Awuceo
                  | {*Drain +Inv rCorr SInv} (You acquired it on level 13 of
                  | the Dungeon)
 42342 | D:13     | Got the cursed cloak of Huem {+Blink rCorr Dex+4 Slay-5}
 42344 | D:13     | Identified the cursed +2 cloak of Huem {+Blink rCorr Dex+4
                  | Slay-5} (You acquired it on level 13 of the Dungeon)
 42883 | D:14     | Found a runed door.
 42885 | D:14     | Noticed MTVSty1e's ghost (journeyman MiFi)
 44425 | Orc:1    | Entered Level 1 of the Orcish Mines
 44452 | Orc:1    | Noticed Sonja
 44470 | Orc:1    | Killed Sonja
 44763 | Orc:1    | Reached XP level 15. HP: 104/114 MP: 5/30
 45203 | Orc:2    | Entered Level 2 of the Orcish Mines
 46030 | Orc:2    | Found a roughly hewn altar of Beogh.
 46769 | Orc:2    | Found a staircase to the Elven Halls.
 47285 | Orc:2    | Paralysed by an orc sorcerer for 4 turns
 48236 | Orc:2    | Found Yntiq's Antique Weapon Shoppe.
 48246 | Orc:2    | Found Qoromiod's Antique Armour Boutique.
 48247 | Orc:2    | Found Sucleclu's Armour Shoppe.
 48250 | Orc:2    | Found Hagrunt's Book Boutique.
 48413 | Orc:2    | Bought a translucent broad axe for 225 gold pieces
 48413 | Orc:2    | Identified the +3 broad axe "Hikoav" {venom, Stlth+} (You
                  | bought it in a shop on level 2 of the Orcish Mines)
 48424 | Orc:2    | Bought a glowing buckler for 262 gold pieces
 48424 | Orc:2    | Bought a pair of runed gloves for 262 gold pieces
 48424 | Orc:2    | Bought an ichor-stained troll leather armour for 700 gold
                  | pieces
 48424 | Orc:2    | Identified the cursed +0 troll leather armour of Polish
                  | {+Inv rPois Regen+ MP-9} (You bought it in a shop on level
                  | 2 of the Orcish Mines)
 48537 | Orc:2    | Found a runed door.
 48539 | Orc:2    | Noticed Thaneod's ghost (journeyman VSFi)
 48540 | Orc:2    | Identified the +2 flail "Quer" {flame, rF+ rC- Str+9
                  | Stlth+}
 48558 | Orc:2    | Killed Thaneod's ghost
 48734 | Orc:2    | Bought Sif Muna's Disquisition on Dusty Confrontation for
                  | 525 gold pieces
 48734 | Orc:2    | Bought a book of Callings for 300 gold pieces
 49246 | Orc:1    | Learned a level 4 spell: Summon Lightning Spire
 49396 | D:15     | Entered Level 15 of the Dungeon
 50364 | D:15     | Reached skill level 12 in Spellcasting
 50763 | D:15     | Reached skill level 10 in Fighting
 50763 | D:15     | Reached skill level 10 in Short Blades
 50763 | D:15     | Reached skill level 10 in Long Blades
 50763 | D:15     | Reached skill level 10 in Axes
 50763 | D:15     | Reached skill level 10 in Maces & Flails
 50763 | D:15     | Reached skill level 10 in Polearms
 50763 | D:15     | Reached skill level 10 in Staves
 50763 | D:15     | Reached skill level 10 in Slings
 50763 | D:15     | Reached skill level 10 in Bows
 50763 | D:15     | Reached skill level 10 in Crossbows
 50763 | D:15     | Reached skill level 10 in Throwing
 50763 | D:15     | Reached skill level 10 in Armour
 50763 | D:15     | Reached skill level 10 in Shields
 50763 | D:15     | Reached skill level 10 in Unarmed Combat
 50763 | D:15     | Reached skill level 10 in Evocations
 51145 | D:15     | Found a staircase to the Depths.
 51356 | D:15     | Reached ***** piety under Ashenzari
 52564 | D:6      | Killed TheNamelessOne's ghost
 53864 | Spider:1 | Entered Level 1 of the Spider Nest
 55471 | Spider:1 | Noticed a ghost moth
 55487 | Spider:1 | HP: 5/115 [ghost moth (4)]
 56346 | Lair:3   | Reached XP level 16. HP: 122/122 MP: 19/32
 56853 | Lair:3   | HP: 2/123 [redback (10)]
 58483 | Spider:1 | Slain by a wolf spider

Vault maps used:
D:1:      dpeg_arrival_simpleton_c
D:3:      nicolae_overflow_crystal_walls, nemelex_xobeh_ov_fountains_minmay,
          grunt_decor_arrowhead
D:4:      lemuel_coloured_pillars_altar, serial_rivers,
          chequers_serial_rivers_micro_e, chequers_serial_rivers_micro_e,
          chequers_serial_rivers_small_3, chequers_serial_rivers_micro_b,
          chequers_serial_rivers_small_a, chequers_serial_rivers_room_b,
          nzn_random_ring
D:5:      gammafunk_temple_overflow_claw, lemuel_doored_altar,
          nicolae_ru_awakened_eye, kennysheep_little_box, temple_green,
          first_ration, portal_sewer_entry_b
D:6:      lemuel_crystal_altar, gammafunk_ghost_mausoleum, dk_vineyard_3,
          hangedman_abyss_or_decor_passed
D:7:      fedhas_ov_isle_minmay, the_bakery, uniq_pikel
D:9:      cheibriados_altar_1, kennysheep_mini, uniq_prince_ribbit1
D:10:     erik_lair_island, ebering_ghost_inner_flame, basic_altar,
          minmay_misc_feat_tower, nicolae_gozag_seed_capital
D:11:     minmay_the_grid_square_5x5_3x3, serial_shops, shop,
          hangedman_decor_slide_cut, hangedman_decor_lopped
D:12:     kennysheep_orc_monster_closet_entryway, david_defended_altar_elf
D:13:     david_vaults_2, minmay_statue_crystal_thing, uniq_maurice
D:14:     ebering_ghost_reflecting_pool
D:15:     gammafunk_depths_entry_grave, serial_bayou_pond_b
Temple:   compressed_dpeg_triangle_lava_temple
Lair:1:   portal_ice_cave_entry_imps, minmay_lair_oklob_items,
          beast_lair_carwin_6, infiniplex_staircase_pool
Lair:2:   elwin_shoals_entry_rooms, zaba_anthell
Lair:3:   gammafunk_ghost_split
Lair:4:   spider_nest_entry_webs, basic_altar, kilobyte_rumbling_trees
Lair:5:   st_stairs_9, lemuel_another_geyser
Lair:6:   due_jungle_book, slime_altar_1
Spider:1: worms_lemuel
Orc:1:    uniq_sonja
Orc:2:    st_orc_elflike, ebering_ghost_reflecting_pool, mines2_david
Sewer:    kennysheep_pipe_town
IceCv:    ice_cave_caverns_03

Skill      XL: |  1  2  3  4  5  6  7  8  9 10 11 12 13 14 15 |
---------------+----------------------------------------------+-----
Conjurations   | 2 3 4 5 6 7 8 9 |  9.1
Summonings     | 2 3 4 5 6 7 8 9 |  9.1
Translocations | 2 3 4 5 6 7 8 9 |  9.1
Invocations    | 1 2 3 4 5 6 7 8 9 10 11 | 11.3
Fighting       | 1 2 3 4 5 6 7 8 9 10 | 10.4
Short Blades   | 1 2 3 4 5 6 7 8 9 10 | 10.4
Long Blades    | 1 2 3 4 5 6 7 8 9 10 | 10.4
Axes           | 1 2 3 4 5 6 7 8 9 10 | 10.4
Maces & Flails | 1 2 3 4 5 6 7 8 9 10 | 10.4
Polearms       | 1 2 3 4 5 6 7 8 9 10 | 10.4
Staves         | 1 2 3 4 5 6 7 8 9 10 | 10.4
Slings         | 1 2 3 4 5 6 7 8 9 10 | 10.4
Bows           | 1 2 3 4 5 6 7 8 9 10 | 10.4
Crossbows      | 1 2 3 4 5 6 7 8 9 10 | 10.4
Throwing       | 1 2 3 4 5 6 7 8 9 10 | 10.4
Armour         | 1 2 3 4 5 6 7 8 9 10 | 10.4
Shields        | 1 2 3 4 5 6 7 8 9 10 | 10.4
Unarmed Combat | 1 2 3 4 5 6 7 8 9 10 | 10.4
Evocations     | 1 2 3 4 5 6 7 8 9 10 | 10.4
Hexes          | 1 2 3 4 5 6 7 8 |  8.8
Charms         | 1 2 3 4 5 6 7 8 |  8.8
Necromancy     | 1 2 3 4 5 6 7 8 |  8.8
Transmutations | 1 2 3 4 5 6 7 8 |  8.8
Fire Magic     | 1 2 3 4 5 6 7 8 |  8.8
Ice Magic      | 1 2 3 4 5 6 7 8 |  8.8
Air Magic      | 1 2 3 4 5 6 7 8 |  8.8
Earth Magic    | 1 2 3 4 5 6 7 8 |  8.8
Poison Magic   | 1 2 3 4 5 6 7 8 |  8.8
Dodging        | 5 6 7 8 9 10 11 | 11.3
Stealth        | 5 6 7 8 9 10 11 | 11.2
Spellcasting   | 8 9 10 11 12 | 12.3

Action                   |  1- 3 |  4- 6 |  7- 9 | 10-12 | 13-15 | 16-18 || total
-------------------------+-------+-------+-------+-------+-------+-------++-------
Melee: Unarmed           |     4 |       |       |       |       |       ||     4
       Bite              |     2 |     1 |     5 |    20 |    50 |     1 ||    79
       Hand axe          |     3 |     3 |       |       |       |       ||     6
       Scimitar          |       |    28 |    44 |    13 |       |       ||    85
       Punch             |       |       |     2 |     4 |     9 |       ||    15
       Long sword        |       |       |       |    32 |       |       ||    32
       Flail             |       |       |       |    30 |   328 |    33 ||   391
       Broad axe         |       |       |       |    62 |    57 |       ||   119
       Morningstar       |       |       |       |     3 |       |       ||     3
 Cast: Magic Dart        |    85 |   151 |   322 |   253 |   130 |    12 ||   953
       Mephitic Cloud    |     1 |    10 |     3 |     3 |       |       ||    17
       Conjure Flame     |     1 |     2 |     7 |    12 |    12 |       ||    34
       Blink             |       |     7 |    16 |     4 |    16 |     7 ||    50
       Call Imp          |       |    11 |     6 |       |     3 |       ||    20
       Summon Ice Beast  |       |       |    33 |   101 |    86 |    14 ||   234
       Throw Icicle      |       |       |    19 |   179 |   478 |    21 ||   697
       Freeze            |       |       |       |    75 |    34 |     3 ||   112
       Bolt of Cold      |       |       |       |       |    43 |    10 ||    53
       Freezing Cloud    |       |       |       |       |    97 |     3 ||   100
       Simulacrum        |       |       |       |       |    22 |     1 ||    23
       Summon Lightning  |       |       |       |       |    14 |     3 ||    17
Invok: Curse Item        |       |       |     1 |     3 |     1 |       ||     5
Evoke: Wand              |       |       |       |     2 |     6 |     2 ||    10
  Use: Scroll            |       |     6 |    12 |    13 |    17 |     1 ||    49
       Potion            |       |     1 |       |     8 |    14 |     2 ||    25
 Stab: Distracted        |       |       |       |       |     5 |       ||     5
       Invisible         |       |       |       |       |       |     2 ||     2
  Eat: Chunk             |     2 |     4 |    12 |    31 |    60 |     3 ||   112
       Ration            |       |     2 |     4 |     6 |    20 |     2 ||    34
Armor: Robe              |     3 |    11 |    22 |    63 |   121 |    31 ||   251
Dodge: Dodged            |    21 |    45 |   115 |   312 |   608 |    97 ||  1198
Block: Buckler           |       |       |       |       |    91 |    46 ||   137
       Rpst.: Scimitar   |       |     8 |    33 |    14 |       |       ||    55
       Long sword        |       |       |       |     9 |       |       ||     9

Table legend:
 A = Non-vault XP
 B = Vault XP
 C = Vault XP percentage of total XP
 D = Non-vault monster count
 E = Vault monster count
 F = Vault count percentage of total count
                 A         B        C        D         E       F
            +---------+---------+-------+---------+---------+-------
      Total |   92780 |   45519 |  32.9 |     665 |     264 |  28.4
            +---------+---------+-------+---------+---------+-------
        D:1 |      60 |       0 |   0.0 |      30 |       0 |   0.0
        D:2 |      86 |       0 |   0.0 |      12 |       0 |   0.0
        D:3 |     172 |       0 |   0.0 |      26 |       0 |   0.0
        D:4 |     388 |     135 |  25.8 |      13 |       8 |  38.1
        D:5 |     507 |      24 |   4.5 |      21 |       8 |  27.6
        D:6 |     872 |     725 |  45.4 |      20 |       6 |  23.1
        D:7 |     831 |     511 |  38.1 |      14 |       1 |   6.7
        D:8 |    1078 |       0 |   0.0 |      23 |       0 |   0.0
        D:9 |     676 |     264 |  28.1 |      19 |       1 |   5.0
       D:10 |    1110 |    1431 |  56.3 |      15 |      10 |  40.0
       D:11 |    4758 |    1460 |  23.5 |      27 |      13 |  32.5
       D:12 |    8297 |    1446 |  14.8 |      58 |      20 |  25.6
       D:13 |    5414 |    1961 |  26.6 |      30 |       5 |  14.3
       D:14 |    9281 |       0 |   0.0 |      60 |       0 |   0.0
       D:15 |    8097 |    7678 |  48.7 |      21 |      12 |  36.4
     Lair:1 |    4197 |    2050 |  32.8 |      24 |      20 |  45.5
     Lair:2 |    2376 |    4405 |  65.0 |      16 |      44 |  73.3
     Lair:3 |    3031 |       0 |   0.0 |      15 |       0 |   0.0
     Lair:4 |   13675 |    1139 |   7.7 |      41 |       9 |  18.0
     Lair:5 |    4812 |     486 |   9.2 |      18 |       2 |  10.0
     Lair:6 |    9653 |    2817 |  22.6 |      37 |       5 |  11.9
   Spider:1 |    7263 |    1645 |  18.5 |      25 |       7 |  21.9
      Orc:1 |    3727 |     404 |   9.8 |      42 |       1 |   2.3
      Orc:2 |    2419 |    8738 |  78.3 |      58 |      31 |  34.8
      Sewer |       0 |     365 | 100.0 |       0 |      24 | 100.0
      IceCv |       0 |    7835 | 100.0 |       0 |      37 | 100.0
            +---------+---------+-------+---------+---------+-------
